| TOP OF THE 1ST |
|
Stanford University Cardinal batting - Pitching for UCLA Bruins : LHP Dave Hutchison
|
|
Pitching: LHP Dave Hutchison
|
|
|
Batting: RHB Josh Benefield
|
0-0: Foul Ball, location: 2F 0-1: Ball 1-1: Ball 2-1: SINGLE (Groundball, 56, EV 95.0 MPH)
|
|
Batting: RHB Bobby Orantez
|
0-0: Called Strike 0-1: SINGLE (Line Drive, 89M, EV 111.9 MPH) Josh Benefield to second
|
|
Batting: LHB Donny Kleinjan
|
0-0: Ball 1-0: Ball 2-0: Called Strike 2-1: Swinging Strike 2-2: SINGLE (Groundball, 6MD, EV 104.4 MPH) Josh Benefield to third Bobby Orantez to second
|
|
Batting: RHB Joe Petley
|
0-0: Called Strike 0-1: Ball 1-1: Called Strike 1-2: Foul Ball, location: 2F 1-2: Ball 2-2: Strikes out swinging
|
|
Batting: RHB Dzevat Koljevic
|
0-0: Called Strike 0-1: Ball 1-1: Called Strike 1-2: Fly out, F3 (Popup, 3F, EV 66.2 MPH)
|
|
Batting: SHB Philippe Huff
|
0-0: Foul Ball, location: 2F 0-1: Fly out, F5 (Popup, 5L, EV 67.5 MPH)
|
| Top of the 1st over - 0 runs, 3 hits, 0 errors, 3 left on base; Stanford University 0 - UCLA 0 |
| BOTTOM OF THE 1ST |
|
UCLA Bruins batting - Pitching for Stanford University Cardinal : RHP Brian Hoffman
|
|
Pitching: RHP Brian Hoffman
|
|
|
Batting: LHB Mark Cummings
|
0-0: Ball 1-0: SINGLE (Groundball, 4MD, EV 95.6 MPH)
|
|
Batting: RHB Andy Knerr
|
0-0: Ball Mark Cummings is caught stealing 2nd base 2-4 1-0: Foul Ball, location: 2F 1-1: Ball 2-1: Ground out 5-3 (Groundball, 56, EV 90.0 MPH)
|
|
Batting: LHB Scott Mullett
|
0-0: Called Strike 0-1: Swinging Strike 0-2: Ball 1-2: Strikes out swinging
|
| Bottom of the 1st over - 0 runs, 1 hit, 0 errors, 0 left on base; Stanford University 0 - UCLA 0 |
| TOP OF THE 2ND |
|
Stanford University Cardinal batting - Pitching for UCLA Bruins : LHP Dave Hutchison
|
|
Batting: RHB Erwin Young
|
0-0: Called Strike 0-1: Ball 1-1: Ball 2-1: Ball 3-1: Called Strike 3-2: Fly out, F8 (Line Drive, 8RD, EV 93.8 MPH)
|
|
Batting: RHB Mike Gard
|
0-0: Called Strike 0-1: Ball 1-1: Foul Ball, location: 2F 1-2: Ground out 6-3 (Groundball, 6, EV 80.0 MPH)
|
|
Batting: LHB Mike Keating
|
0-0: Called Strike 0-1: Foul Ball, location: 2F 0-2: Ball 1-2: Ball 2-2: Strikes out swinging
|
| Top of the 2nd over - 0 runs, 0 hits, 0 errors, 0 left on base; Stanford University 0 - UCLA 0 |
| BOTTOM OF THE 2ND |
|
UCLA Bruins batting - Pitching for Stanford University Cardinal : RHP Brian Hoffman
|
|
Batting: SHB Sean Munns
|
0-0: Ball 1-0: Ball 2-0: Ground out U3 (Groundball, 34S, EV 65.6 MPH)
|
|
Batting: RHB Michael Alvarado
|
0-0: Called Strike 0-1: Swinging Strike 0-2: Ball 1-2: Strikes out swinging
|
|
Batting: RHB Melvin Yanes
|
0-0: Ground out 1-3 (Groundball, 34S, EV 60.0 MPH)
|
| Bottom of the 2nd over - 0 runs, 0 hits, 0 errors, 0 left on base; Stanford University 0 - UCLA 0 |
| TOP OF THE 3RD |
|
Stanford University Cardinal batting - Pitching for UCLA Bruins : LHP Dave Hutchison
|
|
Batting: RHB Josh Benefield
|
0-0: Ball 1-0: Ground out 3-1 (Groundball, 34, EV 100.6 MPH)
|
|
Batting: RHB Bobby Orantez
|
0-0: Called Strike 0-1: Ball 1-1: Ball 2-1: Foul Ball, location: 2F 2-2: Fly out, F9 (Line Drive, 9S, EV 97.5 MPH)
|
|
Batting: LHB Donny Kleinjan
|
0-0: Ball 1-0: Fly out, F5 (Line Drive, 5L, EV 69.4 MPH)
|
| Top of the 3rd over - 0 runs, 0 hits, 0 errors, 0 left on base; Stanford University 0 - UCLA 0 |
| BOTTOM OF THE 3RD |
|
UCLA Bruins batting - Pitching for Stanford University Cardinal : RHP Brian Hoffman
|
|
Batting: RHB Ethan Krause
|
0-0: Ball 1-0: Ball 2-0: Called Strike 2-1: Ball 3-1: Base on Balls
|
|
Batting: LHB Dave Hutchison
|
0-0: Foul Ball, location: 2F 0-1: Ball 1-1: Ball 2-1: Called Strike 2-2: Strikes out looking
|
|
Batting: SHB Steve Fouhy
|
0-0: Ball 1-0: Grounds into double play, 4-6-3 (Groundball, 34, EV 83.8 MPH)
|
| Bottom of the 3rd over - 0 runs, 0 hits, 0 errors, 0 left on base; Stanford University 0 - UCLA 0 |
| TOP OF THE 4TH |
|
Stanford University Cardinal batting - Pitching for UCLA Bruins : LHP Dave Hutchison
|
|
Batting: RHB Joe Petley
|
0-0: Ball 1-0: Ball 2-0: Foul Ball, location: 2F 2-1: Fly out, F3 (Popup, 3SF, EV 85.6 MPH)
|
|
Batting: RHB Dzevat Koljevic
|
0-0: Foul Ball, location: 2F 0-1: Foul Ball, location: 2F 0-2: Strikes out swinging
|
|
Batting: SHB Philippe Huff
|
0-0: Called Strike 0-1: Called Strike 0-2: Foul Ball, location: 2F 0-2: Ball 1-2: Ball 2-2: Fly out, F9 (Flyball, 9D, EV 88.1 MPH)
|
| Top of the 4th over - 0 runs, 0 hits, 0 errors, 0 left on base; Stanford University 0 - UCLA 0 |
| BOTTOM OF THE 4TH |
|
UCLA Bruins batting - Pitching for Stanford University Cardinal : RHP Brian Hoffman
|
|
Batting: LHB Mark Cummings
|
0-0: Called Strike 0-1: Ball 1-1: Called Strike 1-2: SINGLE (Line Drive, 4MD, EV 95.0 MPH)
|
|
Batting: RHB Andy Knerr
|
0-0: Called Strike 0-1: Called Strike Mark Cummings steals 2nd base (no throw) 0-2: Ball 1-2: 2-RUN HOME RUN (Flyball, 7D, EV 99.4 MPH), Distance : 389 ft
|
|
Batting: LHB Scott Mullett
|
0-0: Ball 1-0: Called Strike 1-1: Ball 2-1: Ground out 6-3 (Groundball, 6, EV 88.8 MPH)
|
|
Batting: SHB Sean Munns
|
0-0: Called Strike 0-1: Foul Ball, location: 2F 0-2: Ground out 6-3 (Groundball, 56, EV 101.2 MPH)
|
|
Batting: RHB Michael Alvarado
|
0-0: Ground out 5-3 (Groundball, 56S, EV 71.9 MPH)
|
| Bottom of the 4th over - 2 runs, 2 hits, 0 errors, 0 left on base; Stanford University 0 - UCLA 2 |
| TOP OF THE 5TH |
|
Stanford University Cardinal batting - Pitching for UCLA Bruins : LHP Dave Hutchison
|
|
Batting: RHB Erwin Young
|
0-0: Swinging Strike 0-1: Ball 1-1: SINGLE (Flyball, 56D, EV 84.4 MPH)
|
|
Batting: RHB Mike Gard
|
0-0: Ball 1-0: Swinging Strike 1-1: Swinging Strike 1-2: Ball 2-2: Foul Ball, location: 2F 2-2: Foul Ball, location: 2F 2-2: Foul Ball, location: 2F 2-2: Grounds into double play, 6-4-3 (Groundball, 6, EV 86.2 MPH)
|
|
Batting: LHB Mike Keating
|
0-0: Ball 1-0: Called Strike 1-1: Ball 2-1: Ball 3-1: Base on Balls
|
|
Batting: RHB Josh Benefield
|
0-0: Called Strike 0-1: SINGLE (Groundball, 56S, EV 75.6 MPH) (infield hit) Mike Keating to second
|
|
Batting: RHB Bobby Orantez
|
0-0: Fly out, F7 (Flyball, 7, EV 91.9 MPH)
|
| Top of the 5th over - 0 runs, 2 hits, 0 errors, 2 left on base; Stanford University 0 - UCLA 2 |
| BOTTOM OF THE 5TH |
|
UCLA Bruins batting - Pitching for Stanford University Cardinal : RHP Brian Hoffman
|
|
Batting: RHB Melvin Yanes
|
0-0: Called Strike 0-1: Ball 1-1: Foul Ball, location: 2F 1-2: Fly out, F9 (Flyball, 89S, EV 91.2 MPH)
|
|
Batting: RHB Ethan Krause
|
0-0: Ball 1-0: SINGLE (Groundball, 34D, EV 105.6 MPH)
|
|
Batting: LHB Dave Hutchison
|
0-0: Foul Ball, location: 2F 0-1: SINGLE (Groundball, 6MD, EV 102.5 MPH) Ethan Krause to second
|
|
Batting: SHB Steve Fouhy
|
0-0: Ball 1-0: Foul Ball, location: 2F 1-1: Foul Ball, location: 2F 1-2: Foul Ball, location: 2F 1-2: Strikes out looking
|
|
Batting: LHB Mark Cummings
|
0-0: Called Strike 0-1: Foul Ball, location: 2F 0-2: SINGLE (Line Drive, 6D, EV 107.5 MPH) Ethan Krause to third Dave Hutchison to second
|
|
Batting: RHB Andy Knerr
|
0-0: Ball 1-0: Ball 2-0: SINGLE (Line Drive, 34, EV 98.8 MPH) Ethan Krause scores Dave Hutchison to third Mark Cummings to second
|
|
Batting: LHB Scott Mullett
|
0-0: Fly out, F8 (Line Drive, 8LD, EV 86.2 MPH)
|
| Bottom of the 5th over - 1 run, 4 hits, 0 errors, 3 left on base; Stanford University 0 - UCLA 3 |
| TOP OF THE 6TH |
|
Stanford University Cardinal batting - Pitching for UCLA Bruins : LHP Dave Hutchison
|
|
Batting: LHB Donny Kleinjan
|
0-0: Called Strike 0-1: Fly out, F9 (Flyball, 9D, EV 93.1 MPH)
|
|
Batting: RHB Joe Petley
|
0-0: Called Strike 0-1: Called Strike 0-2: Ball 1-2: Ball 2-2: Foul Ball, location: 2F 2-2: SINGLE (Groundball, 6MD, EV 98.1 MPH)
|
|
Pitching: LHP Joe Landgraff
|
|
|
Batting: RHB Dzevat Koljevic
|
0-0: Called Strike 0-1: Fly out, F8 (Flyball, 8RXD, EV 105.6 MPH)
|
|
Batting: SHB Philippe Huff
|
0-0: Swinging Strike 0-1: Called Strike 0-2: Fly out, F7 (Flyball, 7, EV 74.4 MPH)
|
| Top of the 6th over - 0 runs, 1 hit, 0 errors, 1 left on base; Stanford University 0 - UCLA 3 |
| BOTTOM OF THE 6TH |
|
UCLA Bruins batting - Pitching for Stanford University Cardinal : RHP Brian Hoffman
|
|
Batting: SHB Sean Munns
|
0-0: Foul Ball, location: 2F 0-1: Ball 1-1: Ground out 4-3 (Groundball, 4, EV 85.0 MPH)
|
|
Batting: RHB Michael Alvarado
|
0-0: Ball 1-0: Ball 2-0: Ball 3-0: Called Strike 3-1: Called Strike 3-2: Foul Ball, location: 2F 3-2: Fly out, F4 (Popup, 4, EV 60.6 MPH)
|
|
Batting: RHB Melvin Yanes
|
0-0: Ball 1-0: Ball 2-0: Foul Ball, location: 2F 2-1: Called Strike 2-2: SINGLE (Groundball, 56D, EV 105.0 MPH)
|
|
Batting: RHB Ethan Krause
|
0-0: Ball Melvin Yanes steals 2nd base 1-0: Ball 2-0: Called Strike 2-1: DOUBLE (Line Drive, 78D, EV 105.0 MPH) Melvin Yanes scores
|
|
Pitching: RHP Joe Kill
|
|
|
Batting: LHB Dave Hutchison
|
0-0: Ball 1-0: Swinging Strike 1-1: Ball Passed Ball! Ethan Krause to third 2-1: Swinging Strike 2-2: Strikes out swinging
|
| Bottom of the 6th over - 1 run, 2 hits, 0 errors, 1 left on base; Stanford University 0 - UCLA 4 |
| TOP OF THE 7TH |
|
Stanford University Cardinal batting - Pitching for UCLA Bruins : LHP Joe Landgraff
|
|
Batting: RHB Erwin Young
|
0-0: Ball 1-0: Ball 2-0: Reached on error, E6 (Groundball, 6, EV 106.9 MPH)
|
|
Batting: RHB Mike Gard
|
0-0: Ball 1-0: Ball 2-0: Foul Ball, location: 2F 2-1: Fly out, F7 (Flyball, 7S, EV 90.6 MPH)
|
|
Pinch Hitting: RHB Eric McDonald
|
0-0: Fly out, F7 (Flyball, 78S, EV 96.9 MPH)
|
|
Batting: RHB Josh Benefield
|
0-0: Called Strike 0-1: Ball 1-1: Swinging Strike 1-2: Ball 2-2: Foul Ball, location: 2F 2-2: Ball 3-2: Foul Ball, location: 2F 3-2: Strikes out swinging
|
| Top of the 7th over - 0 runs, 0 hits, 1 error, 1 left on base; Stanford University 0 - UCLA 4 |
| BOTTOM OF THE 7TH |
|
UCLA Bruins batting - Pitching for Stanford University Cardinal : RHP Joe Kill
|
|
Now in LF: Eric McDonald
|
|
|
Batting: SHB Steve Fouhy
|
0-0: Called Strike 0-1: Called Strike 0-2: SINGLE (Groundball, 56D, EV 110.0 MPH)
|
|
Batting: LHB Mark Cummings
|
0-0: Ball 1-0: Called Strike 1-1: Ball 2-1: Foul Ball, location: 2F 2-2: Foul Ball, location: 2F 2-2: Grounds into double play, 6-4-3 (Groundball, 6, EV 101.9 MPH)
|
|
Batting: RHB Andy Knerr
|
0-0: SINGLE (Flyball, 5D, EV 87.5 MPH)
|
|
Batting: LHB Scott Mullett
|
0-0: Ball 1-0: Called Strike 1-1: Swinging Strike 1-2: Strikes out swinging
|
| Bottom of the 7th over - 0 runs, 2 hits, 0 errors, 1 left on base; Stanford University 0 - UCLA 4 |
| TOP OF THE 8TH |
|
Stanford University Cardinal batting - Pitching for UCLA Bruins : LHP Joe Landgraff
|
|
Pitching: RHP Cyrano Papadoupolos
|
|
|
Batting: RHB Bobby Orantez
|
0-0: Ball 1-0: Called Strike 1-1: Ball 2-1: Foul Ball, location: 2F 2-2: Ball 3-2: Base on Balls
|
|
Batting: LHB Donny Kleinjan
|
0-0: Called Strike 0-1: Ball 1-1: Ball 2-1: Foul Ball, location: 2F 2-2: Ball 3-2: Fly out, F9 (Flyball, 9, EV 86.9 MPH)
|
|
Batting: LHB Andy Swan
|
0-0: Ball 1-0: Ball 2-0: Called Strike 2-1: DOUBLE (Line Drive, 89M, EV 93.1 MPH) Bobby Orantez to third Runner from 3rd tries for Home, SAFE, throw by RF to home
|
|
Batting: RHB Dzevat Koljevic
|
0-0: Fly out, F9 (Line Drive, 89M, EV 95.6 MPH)
|
|
Batting: SHB Philippe Huff
|
0-0: Ground out 4-3 (Groundball, 4, EV 85.6 MPH)
|
| Top of the 8th over - 1 run, 1 hit, 0 errors, 1 left on base; Stanford University 1 - UCLA 4 |
| BOTTOM OF THE 8TH |
|
UCLA Bruins batting - Pitching for Stanford University Cardinal : RHP Joe Kill
|
|
Pitching: RHP Dante Verduzco
|
|
|
Batting: SHB Sean Munns
|
0-0: Foul Ball, location: 2F 0-1: Called Strike 0-2: Fly out, F9 (Flyball, 89M, EV 92.5 MPH)
|
|
Batting: RHB Michael Alvarado
|
0-0: Called Strike 0-1: Ground out 5-3 (Groundball, 5S, EV 90.0 MPH)
|
|
Batting: RHB Melvin Yanes
|
0-0: Ball 1-0: Fly out, F9 (Flyball, 89M, EV 86.9 MPH)
|
| Bottom of the 8th over - 0 runs, 0 hits, 0 errors, 0 left on base; Stanford University 1 - UCLA 4 |
| TOP OF THE 9TH |
|
Stanford University Cardinal batting - Pitching for UCLA Bruins : RHP Cyrano Papadoupolos
|
|
Pitching: LHP Honor Munoz
|
|
|
Batting: RHB Erwin Young
|
0-0: Called Strike 0-1: Ground out 4-3 (Groundball, 4, EV 90.6 MPH)
|
|
Pinch Hitting: RHB Gary Preston
|
0-0: Called Strike 0-1: Foul Ball, location: 2F 0-2: Strikes out swinging
|
|
Batting: RHB Eric McDonald
|
0-0: Swinging Strike 0-1: Ball 1-1: Ball 2-1: Foul Ball, location: 2F 2-2: Strikes out swinging, 2-3 out at first.
|
| Top of the 9th over - 0 runs, 0 hits, 0 errors, 0 left on base; Stanford University 1 - UCLA 4 |
|